 Dungeon Crawl Stone Soup version 0.23-a0-473-gc8aadda (webtiles) character file.

1036 mopl the Cleaver (level 8, 58/58 HPs)
             Began as a Demonspawn Fighter on Nov 27, 2018.
             Quit the game on level 3 of the Dungeon.
             The game lasted 00:06:31 (5295 turns).

mopl the Cleaver (Demonspawn Fighter)               Turns: 5295, Time: 00:06:32

Health: 58/58      AC: 14    Str: 18    XL:     8   Next: 3%
Magic:  8/8        EV:  5    Int: 10    God:
Gold:   229        SH:  9    Dex: 13    Spells: 7/7 levels left

rFire    . . .     SeeInvis .   a - +0 war axe
rCold    . . .     Gourm    .   c - +0 shield
rNeg     . . .     Faith    .   g - +0 plate armour
rPois    .         Spirit   .   u - +0 helmet (curse)
rElec    .         Reflect  .   q - +1 cloak
rCorr    .         Harm     .   (no gloves)
MR       .....                  (no boots)
Stlth    ..........             (no amulet)
HPRegen  0.19/turn              (no ring)
MPRegen  0.11/turn              (no ring)

@: no status effects
A: claws 1, repulsion field 2, demonic guardian 1, powered by death 2
a: no special abilities


You were on level 3 of the Dungeon.
You were not hungry.

You visited 1 branch of the dungeon, and saw 5 of its levels.
You also visited: Sewer.

You collected 229 gold pieces.

Inventory:

Hand Weapons
 a - a +0 war axe (weapon)
 o - a +0 blowgun
Missiles
 h - 6 tomahawks of dispersal (quivered)
 n - 18 poisoned needles
Armour
 c - a +0 shield (worn)
 g - a +0 plate armour (worn)
 q - a +1 cloak (worn)
 u - a cursed +0 helmet (worn)
Wands
 s - a wand of flame (24)
Scrolls
 i - a scroll of noise {unknown}
 j - a scroll of fear {unknown}
 k - 2 scrolls of remove curse {unknown}
 m - 3 scrolls of magic mapping
 p - 3 scrolls of fog {unknown}
 t - a scroll of random uselessness {unknown}
Potions
 d - 3 potions of might
 e - a potion of resistance
 r - 2 potions of curing
 v - a potion of heal wounds
 w - a potion of brilliance
Comestibles
 f - 8 rations


   Skills:
 - Level 3.0 Fighting
 + Level 8.8 Axes
 - Level 2.6 Armour
 - Level 2.6 Shields


You had 7 spell levels left.
You didn't know any spells.
Your spell library contained the following spells:

 Spells                   Type           Power        Failure   Level  Hunger
 Corona                   Hex            #......      100%        1    ##.....
 Ensorcelled Hibernation  Hex/Ice        #.....       100%        2    ###....
 Confuse                  Hex            #.......     100%        3    ####...
 Dazzling Spray           Conj/Hex       #.....       100%        3    ####...
 Tukima's Dance           Hex            #.......     100%        3    ####...


Dungeon Overview and Level Annotations

Branches:
Dungeon (5/15)
 Temple: D:4-7

Altars:
Fedhas
Lugonu


Innate Abilities, Weirdness & Mutations

You have sharp fingernails.
You are surrounded by a moderate repulsion field. (EV +3)
A weak demonic guardian rushes to your aid.
You regenerate health from kills.


Message History

There is a stone staircase leading up here.
You climb upwards.
There is a stone staircase leading down here.
You see here a +0 club.
There is a faded altar of an unknown god here.
Unknown command.
Press < or > to pray at altars.
You cannot tell which god this altar belongs to.
Convert to them anyway?
Lugonu accepts your prayer! Lugonu welcomes you!
You can now depart the Abyss.
You can now bend space around yourself.
Unknown command.
Press < or > to pray at altars.
Really renounce your faith, foregoing its fabulous benefits?
Are you sure you won't change your mind later?
You have lost your religion!
Lugonu does not appreciate desertion!
Unknown command.
Press < or > to pray at altars.
Are you sure you want to abandon this character and quit the game? (Confirm

.## ###......♣....# ####
##..♣.♣....♣.#.# ...#
##.♣..♣♣♣♣♣♣.#..#
##.#####.♣♣♣.♣....♣♣..##
#.........♣♣..♣♣♣.♣♣..#
#.#####.#.♣♣♣♣♣..♣.♣♣.#
#.# #...♣ ♣♣..♣♣♣..# #.#
#...♣♣♣♣.♣.♣.♣.## '.#
##....♣♣♣♣@.♣..# '.#
#...♣♣.♣♣♣♣♣♣.# ###
##..♣.♣..♣♣♣♣.# #
#............# #
############## #


There were no monsters in sight!

Vanquished Creatures
  A phantom (D:5)
  3 big kobolds (Sewer)
  2 scorpions (D:4)
  2 crimson imps (D:5)
  A bullfrog zombie (D:4)
  2 hounds (D:4)
  2 orc priests
  2 centaur skeletons
  An iguana (D:5)
  2 worker ants (D:5)
  9 adders
  3 oozes
  9 worms
  An adder skeleton (D:4)
  2 dart slugs (D:2)
  3 leopard geckos
  14 orcs
  11 ball pythons
  6 bats
  6 giant cockroaches
  10 hobgoblins
  7 jackals
  15 kobolds
  A quokka (D:3)
  3 frilled lizards
  5 goblins
  8 rats
131 creatures vanquished.

Vanquished Creatures (collateral kills)
  A big kobold (Sewer)
  A hound (D:5)
  A jelly (D:5)
  An orc wizard (D:5)
  An adder (D:5)
  An orc (D:5)
6 creatures vanquished.

Grand Total: 137 creatures vanquished

Notes
Turn   | Place    | Note
-------+----------+-------------------------------------------
     0 | D:1      | mopl the Demonspawn Fighter began the quest for the Orb.
     0 | D:1      | Reached XP level 1. HP: 18/18 MP: 1/1
    19 | D:1      | Reached skill level 2 in Axes
    72 | D:1      | Gained mutation: You have sharp fingernails. [demonic
                  | ancestry]
    72 | D:1      | Reached XP level 2. HP: 24/24 MP: 2/2
   556 | D:2      | Reached skill level 3 in Axes
   740 | D:2      | Gained mutation: You are surrounded by a mild repulsion
                  | field. (EV +2) [demonic ancestry]
   740 | D:2      | Reached XP level 3. HP: 12/29 MP: 3/3
  1637 | D:3      | Reached skill level 4 in Axes
  1637 | D:3      | Reached XP level 4. HP: 22/35 MP: 4/4
  2048 | D:3      | Found a faded altar of an unknown god.
  2819 | D:4      | Gained mutation: A weak demonic guardian rushes to your
                  | aid. [demonic ancestry]
  2819 | D:4      | Reached XP level 5. HP: 30/41 MP: 5/5
  2939 | D:4      | Reached skill level 5 in Axes
  3166 | D:4      | Gained mutation: You regenerate a little health from kills.
                  | [demonic ancestry]
  3166 | D:4      | Reached XP level 6. HP: 29/47 MP: 6/6
  3351 | D:4      | Reached skill level 6 in Axes
  3667 | D:5      | Entered Level 5 of the Dungeon
  3712 | D:5      | Reached skill level 7 in Axes
  3712 | D:5      | Gained mutation: You regenerate health from kills. [demonic
                  | ancestry]
  3712 | D:5      | Reached XP level 7. HP: 28/52 MP: 7/7
  4032 | D:5      | Found a glowing drain.
  4057 | Sewer    | Entered a sewer
  4198 | Sewer    | Reached skill level 8 in Axes
  4611 | D:5      | Gained mutation: You are surrounded by a moderate repulsion
                  | field. (EV +3) [demonic ancestry]
  4611 | D:5      | Reached XP level 8. HP: 56/58 MP: 8/8
  4795 | D:5      | Found a blossoming altar of Fedhas.
  5293 | D:3      | Became a worshipper of Lugonu the Unformed
  5293 | D:3      | Reached * piety under Lugonu
  5293 | D:3      | Reached ** piety under Lugonu
  5294 | D:3      | Fell from the grace of Lugonu
  5295 | D:3      | Quit the game

Vault maps used:
D:1:      dpeg_arrival_renting, lemuel_another_geyser
D:2:      minmay_misc_feat_cross, minmay_misc_feat_room
D:3:      chequers_ecumenical_altar_grove, kennysheep_generic_room_7
D:4:      minmay_unequal
D:5:      portal_sewer_entry_c, first_ration, fedhas_altar_4
Sewer:    sewer_co_15_rooms

Skill      XL: |  1  2  3  4  5  6  7 |
---------------+----------------------+-----
Axes           | 2 3 4 5 7 8 |  8.8
Fighting       | |  3.0
Armour         | |  2.6
Shields        | |  2.6

Action                   |  1- 3 |  4- 6 |  7- 9 || total
-------------------------+-------+-------+-------++-------
Melee: War axe           |   119 |   191 |   220 ||   530
Invok: Renounce Religion |       |       |     1 ||     1
  Use: Scroll            |       |       |     4 ||     4
       Potion            |       |       |     1 ||     1
 Stab: Distracted        |       |     1 |     1 ||     2
  Eat: Chunk             |     2 |     7 |     6 ||    15
Armor: Scale mail        |    46 |    63 |    49 ||   158
       Plate armour      |       |       |    27 ||    27
Dodge: Dodged            |    25 |    69 |    60 ||   154
Block: Shield            |    54 |    98 |    90 ||   242

Table legend:
 A = Non-vault XP
 B = Vault XP
 C = Vault XP percentage of total XP
 D = Non-vault monster count
 E = Vault monster count
 F = Vault count percentage of total count
                 A         B        C        D         E       F
            +---------+---------+-------+---------+---------+-------
      Total |    1004 |     476 |  32.2 |     106 |      31 |  22.6
            +---------+---------+-------+---------+---------+-------
        D:1 |      27 |       0 |   0.0 |      17 |       0 |   0.0
        D:2 |      50 |       0 |   0.0 |      20 |       0 |   0.0
        D:3 |      79 |       4 |   4.8 |      22 |       3 |  12.0
        D:4 |     305 |      96 |  23.9 |      23 |       2 |   8.0
        D:5 |     543 |       9 |   1.6 |      24 |       6 |  20.0
      Sewer |       0 |     367 | 100.0 |       0 |      20 | 100.0
            +---------+---------+-------+---------+---------+-------
